 Dungeon Crawl Stone Soup version 0.25-a0-482-g9b3b753f3f (webtiles) character file.

Game seed: 162951910573989561, levelgen mode: deterministic

620049 OctopusDreamz the Phalangite (level 27, -12/175 HPs)
             Began as an Octopode Fighter on Feb 10, 2020.
             Was the Champion of Hepliaklqana.
             Mangled by a war gargoyle
             ... wielding a +1 great mace of draining
              (21 damage)
             ... on level 5 of the Vaults.
             The game lasted 04:52:53 (73871 turns).

OctopusDreamz the Phalangite (Octopode Fighter)    Turns: 73871, Time: 04:52:55

Health: -12/175    AC:  8    Str: 32    XL:     27
Magic:  48/48      EV: 34    Int: 30    God:    Hepliaklqana [******]
Gold:   5778       SH: 20    Dex: 28    Spells: 8/48 levels left

rFire    + + .     SeeInvis +   u - +6 demon trident (elec)
rCold    + . .     Gourm    .   X - +4 shield of Vuniomunn {MR++ Str+3 Int-2}
rNeg     + + .     Faith    .   y - +3 hat of Pondering {ponderous, MR+ MP+10 Int+5}
rPois    .         Spirit   .   C - amulet of the Lonely Lives {Acrobat Str+3 Dex+3}
rElec    +         Reflect  .   I - ring "Iwniof" {Wiz rN+ Dex+5}
rCorr    .         Harm     .   Q - +6 ring of dexterity
MR       +++++                  f - ring of Kitticse {rF+ AC+4}
Stlth    +++++++++.             W - ring "Dusioril" {rN+ Int+4 SInv Stlth+}
HPRegen  0.00/turn              g - ring of Diynt {Ice rElec MR+ Int+3}
MPRegen  0.31/turn              j - ring of Juyrirghi {*Slow EV+6 Str+6 SInv}
                                n - ring of Satyriasis {Str+3 Dex+5 SInv}
                                e - ring of Pumos {+Fly rF++}

@: slowed, lightly drained, very slow
A: almost no armour, stealthy swim, amphibious, 8 rings, constrict 8, reduced
essence, tentacle spike 1, camouflage 1, blurry vision 1, clumsy 1, dopey 1,
inhibited regeneration, gelatinous body 1
}: 4/15 runes: barnacled, slimy, silver, gossamer
a: Recall Ancestor, Ancestor Identity, Transference, Idealise, Renounce
Religion, Evoke Flight


You were on level 5 of the Vaults.
You worshipped Hepliaklqana.
Hepliaklqana was exalted by your worship.
You were not hungry.

You visited 10 branches of the dungeon, and saw 50 of its levels.
You also visited: Sewer, Bailey, Gauntlet, Ice Cave and Desolation.

You collected 8483 gold pieces.
You spent 2705 gold pieces at shops.

Inventory:

Hand Weapons
 m - a +9 antimagic demon trident
 u - a +6 demon trident of electrocution (weapon)
Missiles
 h - 8 throwing nets (quivered)
 l - 16 curare-tipped darts
Armour
 y - the +3 hat of Pondering (worn) {ponderous, MR+ MP+10 Int+5}
   (You took it off Gastronok on level 3 of the Lair of Beasts)

   It affects your intelligence (+5).
   It affects your resistance to hostile enchantments.
   It affects your magic capacity (+10).
   If you remove this armour, your AC will decrease by 3 (8 -> 5).
 X - the +4 shield of Vuniomunn (worn) {MR++ Str+3 Int-2}
   (You acquired it on level 4 of the Shoals)

   It affects your strength (+3).
   It affects your intelligence (-2).
   It affects your resistance to hostile enchantments.
Jewellery
 e - the ring of Pumos (on tentacle) {+Fly rF++}
   (You took it off a minotaur in a Gauntlet)

   [ring of flight]

   It greatly protects you from fire.
   It lets you fly.
 f - the ring of Kitticse (on tentacle) {rF+ AC+4}
   (You found it in the Desolation of Salt)

   [ring of protection]

   It affects your AC (+4).
   It protects you from fire.
 g - the ring of Diynt (on tentacle) {Ice rElec MR+ Int+3}
   (You found it in a bailey)

   [ring of ice]

   It enhances your ice magic.
   It affects your intelligence (+3).
   It makes you vulnerable to fire.
   It protects you from cold.
   It insulates you from electricity.
   It affects your resistance to hostile enchantments.
 j - the ring of Juyrirghi (on tentacle) {*Slow EV+6 Str+6 SInv}
   (You found it in the Desolation of Salt)

   [ring of evasion]

   It affects your evasion (+6).
   It affects your strength (+6).
   It lets you see invisible.
   It may slow you when you take damage.
 k - a +6 ring of dexterity
 n - the ring of Satyriasis (on tentacle) {Str+3 Dex+5 SInv}
   (You took it off an ironbrand convoker in the Desolation of Salt)

   [ring of strength]

   It affects your strength (+3).
   It affects your dexterity (+5).
   It lets you see invisible.
 r - a +2 ring of intelligence
 C - the amulet of the Lonely Lives (around mantle) {Acrobat Str+3 Dex+3}
   (You took it off a deep elf annihilator on level 3 of the Elven Halls)

   [amulet of the acrobat]

   It helps you evade while moving and waiting.
   It affects your strength (+3).
   It affects your dexterity (+3).
 I - the ring "Iwniof" (left tentacle) {Wiz rN+ Dex+5}
   (You bought it in a shop on level 5 of the Vaults)

   [ring of wizardry]

   It improves your spell success rate.
   It affects your dexterity (+5).
   It protects you from negative energy.
 O - an uncursed amulet of rage
 Q - a +6 ring of dexterity (right tentacle)
 R - an uncursed ring of ice
 S - an uncursed ring of see invisible
 W - the ring "Dusioril" (on tentacle) {rN+ Int+4 SInv Stlth+}
   (You found it on level 5 of the Pits of Slime)

   [ring of positive energy]

   It affects your intelligence (+4).
   It protects you from negative energy.
   It lets you see invisible.
   It makes you more stealthy.
Wands
 b - a wand of acid (15)
 i - a wand of clouds (7)
 x - a wand of iceblast (3)
 D - a wand of digging (27)
Scrolls
 a - 10 scrolls of teleportation
 s - 19 scrolls of remove curse
 t - 3 scrolls of holy word
 w - 3 scrolls of fog
 z - 7 scrolls of magic mapping
 E - 2 scrolls of blinking
 G - 29 scrolls of identify
 H - a scroll of fear
 J - 2 scrolls of torment
 U - 2 scrolls of silence
 Z - 2 scrolls of summoning
Potions
 c - 3 potions of might
 o - 6 potions of agility
 p - 6 potions of curing
 q - 3 potions of magic
 A - 2 potions of flight
 B - 4 potions of berserk rage
 F - 7 potions of cancellation
 K - 6 potions of resistance
 L - a potion of haste
 P - 3 potions of invisibility
Miscellaneous
 v - 3 boxes of beasts
 N - a fan of gales
 T - 3 phantom mirrors
 V - a lamp of fire (inert)
Comestibles
 d - 75 rations


   Skills:
 - Level 18.1(18.0) Fighting
 + Level 22.1(22.0) Polearms
 - Level 13.5(13.4) Dodging
 - Level 20.8(20.7) Stealth
 - Level 15.0(14.9) Shields
 - Level 11.3(11.2) Spellcasting
 - Level 4.0(3.9) Hexes
 - Level 4.6(4.5) Charms
 - Level 18.2(18.1) Necromancy
 - Level 14.0(13.9) Transmutations
 - Level 2.0 Earth Magic
 - Level 8.8(8.7) Poison Magic
 - Level 6.8(6.7) Invocations
 - Level 15.9(15.8) Evocations


You had 8 spell levels left.
You knew the following spells:

 Your Spells              Type           Power        Failure   Level  Hunger
a - Blink                 Tloc           N/A          1%          2    None
b - Swiftness             Chrm/Air       ####....     1%          2    None
c - Eringya's Noxious Bo  Tmut/Pois      ######....   1%          6    #####..
d - Yara's Violent Unrav  Hex/Tmut       ######....   1%          5    ###....
e - Ozocubu's Armour      Chrm/Ice       #####...     1%          3    None
f - Statue Form           Tmut/Erth      ######...    8%          6    #####..
g - Necromutation         Tmut/Necr      #######...   12%         8    #######
h - Infestation           Necr           #######...   4%          8    #######

Your spell library contained the following spells:

 Spells                   Type           Power        Failure   Level  Hunger
 Animate Skeleton         Necr           N/A          0%          1    None
 Pain                     Necr           ####         0%          1    None
 Sublimation of Blood     Necr           #######...   0%          2    None
 Vampiric Draining        Necr           #######...   0%          3    None
 Animate Dead             Necr           N/A          0%          4    None
 Dispel Undead            Necr           #######.     0%          4    None
 Apportation              Tloc           ###...       1%          1    None
 Corona                   Hex            #####..      1%          1    None
 Foxfire                  Conj/Fire      ###.         1%          1    None
 Freeze                   Ice            ####         1%          1    None
 Magic Dart               Conj           ###.         1%          1    None
 Sandblast                Erth           ####..       1%          1    None
 Shock                    Conj/Air       ###.         1%          1    None
 Summon Butterflies       Summ           ###.....     1%          1    None
 Summon Small Mammal      Summ           ###.         1%          1    None
 Call Imp                 Summ           ###.....     1%          2    None
 Corpse Rot               Necr/Air       N/A          1%          2    None
 Ensorcelled Hibernation  Hex/Ice        #####.       1%          2    None
 Passwall                 Tmut/Erth      ######..     1%          2    None
 Poisonous Vapours        Pois/Air       #####.       1%          2    None
 Slow                     Hex            #####...     1%          2    None
 Confusing Touch          Hex            #####...     1%          3    None
 Dazzling Flash           Conj/Hex       ####..       1%          3    None
 Inner Flame              Hex/Fire       ####....     1%          3    None
 Mephitic Cloud           Conj/Pois/Air  ####....     1%          3    None
 Summon Guardian Golem    Hex/Summ       ####....     1%          3    None
 Tukima's Dance           Hex            #####...     1%          3    None
 Ice Form                 Ice/Tmut       ######..     1%          4    None
 Petrify                  Tmut/Erth      ######..     1%          4    None
 Agony                    Necr           #######.     1%          5    ###....
 Alistair's Intoxication  Tmut/Pois      ######..     1%          5    ###....
 Borgnjor's Vile Clutch   Necr/Erth      ######....   1%          5    ###....
 Excruciating Wounds      Chrm/Necr      ######....   1%          5    ###....
 Irradiate                Conj/Tmut      ######....   1%          5    ###....
 Death Channel            Necr           #######...   1%          6    #####..
 Stone Arrow              Conj/Erth      ###...       2%          3    None
 Cause Fear               Hex            #####.....   2%          4    None
 Leda's Liquefaction      Hex/Erth       ####......   3%          4    None
 Dragon Form              Tmut           #######...   3%          7    ######.
 Call Canine Familiar     Summ           ###.....     4%          3    None
 Conjure Flame            Conj/Fire      ###.....     4%          3    None
 Frozen Ramparts          Ice            ####..       4%          3    None
 Gell's Gravitas          Tloc           ###.......   4%          3    None
 Lesser Beckoning         Tloc           ###.......   4%          3    None
 Recall                   Summ/Tloc      N/A          4%          3    None
 Static Discharge         Conj/Air       ###.....     4%          3    None
 Teleport Other           Tloc           ###.....     4%          3    None
 Simulacrum               Ice/Necr       #######...   4%          6    #####..
 Borgnjor's Revivificati  Necr           #######...   4%          8    #######
 Fulminant Prism          Conj/Hex       ####......   6%          4    None
 Airstrike                Air            ###.......   12%         4    None
 Hailstorm                Conj/Ice       ####....     12%         4    None
 Sticky Flame             Conj/Fire      ###.....     12%         4    None
 Summon Ice Beast         Ice/Summ       ####....     12%         4    None
 Summon Lightning Spire   Summ/Air       ###.....     12%         4    None
 Iskenderun's Battlesphe  Conj/Chrm      ####....     13%         5    ###....
 Lee's Rapid Deconstruct  Erth           ####......   16%         5    ###....
 Metabolic Englaciation   Hex/Ice        #####.....   16%         5    ###....
 Silence                  Hex/Air        ####......   16%         5    ###....
 Summon Mana Viper        Hex/Summ       ####....     16%         5    ###....
 Bolt of Magma            Conj/Fire/Erth ###.......   26%         5    ###....
 Haunt                    Necr/Summ      ######....   26%         7    ######.
 Aura of Abjuration       Summ           ###.......   32%         5    ###....
 Fireball                 Conj/Fire      ###.......   32%         5    ###....
 Lightning Bolt           Conj/Air       ###.......   32%         5    ###....
 Summon Demon             Summ           ###.......   32%         5    ###....
 Summon Forest            Summ/Tloc      ###.......   32%         5    ###....
 Darkness                 Hex            #####.....   34%         6    #####..
 Invisibility             Hex            #####...     34%         6    #####..
 Death's Door             Chrm/Necr      ######....   56%         8    #######
 Iron Shot                Conj/Erth      ###.......   75%         6    #####..
 Conjure Ball Lightning   Conj/Air       ###.......   86%         6    #####..
 Freezing Cloud           Conj/Ice/Air   ####......   86%         6    #####..
 Ozocubu's Refrigeration  Ice            ####......   86%         6    #####..
 Shadow Creatures         Summ           N/A          86%         6    #####..
 Orb of Destruction       Conj           ###.......   100%        7    ######.
 Spellforged Servitor     Conj/Summ      ###.......   100%        7    ######.
 Summon Hydra             Summ           ###.......   100%        7    ######.
 Discord                  Hex            #####.....   100%        8    #######
 Dragon's Call            Summ           ###.......   100%        9    #######
 Shatter                  Erth           ####......   100%        9    #######


Dungeon Overview and Level Annotations

Branches:
Dungeon (15/15)            Temple (1/1) D:4            Lair (6/6) D:8
 Shoals (4/4) Lair:2       Spider (4/4) Lair:2        Slime (5/5) Lair:6
    Orc (2/2) D:9             Elf (3/3) Orc:2        Vaults (5/5) D:13
  Crypt (0/3) Vaults:2     Depths (5/5) D:15            Zot (0/5) Depths:5
  Sewer (visited)          Bailey (visited)           IceCv (visited)
Desolation (visited)      Gauntlet (visited)

Altars:
Ashenzari
Cheibriados
Dithmenos
Elyvilon
Fedhas
Gozag
Hepliaklqana
Kikubaaqudgha
Makhleb
Nemelex Xobeh
Qazlal
Ru
Trog
Uskayaw
Vehumet
Xom
Yredelemnul
Zin
The Shining One
Jiyva

Shops:
D:7 (**=[   D:11 *   D:12 [   Orc:2 [[[!   Vaults:5 =[   Depths:1 ?

Portals:
Hell: Depths:1 Depths:2 Depths:3 Depths:4 Depths:5
Abyss: Spider:1 Depths:3 Depths:4
Pandemonium: Depths:3 Depths:4
Ziggurat: Depths:2
Trove: Depths:1 (give 2 scrolls of acquirement)

Annotations:
D:12 3 runed translucent doors, Odenyibo's ghost, journeyman HOFi
Lair:3 1 runed translucent door, Onkana's ghost, journeyman DrAE


Innate Abilities, Weirdness & Mutations

You cannot wear most types of armour.
You are very stealthy in the water. (Stealth+)
You are amphibious.
You can wear up to eight rings at the same time.
You can use your tentacles to constrict eight enemies at once.
Your skin changes colour to match your surroundings (Stealth+).
Your rubbery body absorbs attacks. (AC +1, EV +1)
Your life essence is reduced to manifest your ancestor. (-10% HP)
One of your tentacles bears a spike.
Scrolls take you a little longer to read.
You are clumsy. (Dex -2)
You are dopey. (Int -2)
You do not regenerate when monsters are visible.


Message History

Press: ? - help, Dir - move target cursor, f - yaktaur captain, p - war gargoyle
Aim: a yaktaur captain, wielding a +0 arbalest and quivering 16 bolts (lightly wounded) Attack!
The yaktaur captain shoots a bolt.
You block the bolt.
The war gargoyle hits you with a +1 great mace of draining.
* * * LOW HITPOINT WARNING * * *
You partially resist.
You feel drained.
Unknown command.
The war gargoyle launches metal splinters at you.
The spray of metal splinters hits you!!
* * * LOW HITPOINT WARNING * * *
You feel yourself slow down.
Unknown command.
You feel better. You block the war gargoyle's attack.
Caliana hits the yaktaur captain with a +0 broad axe of speed!
The yaktaur captain shoots a bolt.
The bolt hits Caliana!!
A bolt appears from out of your range of vision.
The bolt hits Caliana but does no damage.
Caliana hits the yaktaur captain with a +0 broad axe of speed!
The war gargoyle hits you with a +1 great mace of draining!!
You die...

##########################
........(.................
..............)..........
############........(.###########
.........##..[.......(..........(
######...)#..#........(..........
.. ##..)..##.........###.......
#### #.)#.###....#....# #'''#...
...## ##.#..##..@9#....# #...#'''
##..# #.#..##...(#..... #.∩(')..
.##.## #.#..##....#.....##.(.'.∩.
)##..# #.#..##....#.....######...
).##(# #.#...#....# #### ...#)#
#.#...#..R.# .[..)# #.# #§.c.#
..)### #.#...#..§.# [.##
#.#...#..§§#


You could see the friendly Caliana the knight, a yaktaur captain and a war
gargoyle.

Vanquished Creatures
  the Royal Jelly (Slime:5)
  An ancient lich (Depths:5)
  Frederick (Vaults:5)
  Saint Roka (Depths:5)
  2 caustic shrikes (Depths:5)
  The ghost of Avadwis the Eclecticist, a veteran GnWz of Ashenzari (Depths:1)
  7 golden dragons
  A bone dragon (Depths:2)
  6 liches
  Jorgrun (Shoals:3)
  5 tentacled monstrosities
  A Hell Sentinel (Spider:1)
  A kraken (Shoals:3)
  A deep elf blademaster (Elf:3)
  13 acid blobs
  2 quicksilver dragons
  8 titans
  Gastronok (Lair:3)
  6 sphinxes
  4 shadow dragons
  A storm dragon (Depths:5)
  Ilsuiw (Shoals:3)
  10 tengu reavers
  3 azure jellies (Slime:5)
  11 frost giants
  An imperial myrmidon (Desolation)
  A draconian knight (Depths:5)
  7 fire giants
  8 vault wardens
  A spectral juggernaut (Depths:1)
  4 emperor scorpions
  10 deep elf sorcerers
  A cacodemon (Spider:1)
  An orc warlord (Orc:1)
  Aizul (Vaults:1)
  The ghost of gouglew the Brawler, a journeyman TrMo of Elyvilon (Spider:1)
  A reaper (Depths:4)
  5 deep elf elementalists
  A spriggan defender (Depths:5)
  4 ghost moths (Spider:4)
  2 juggernaut skeletons (Depths:2)
  9 ironheart preservers
  2 juggernaut zombies
  2 war gargoyles
  15 stone giants
  9 very ugly things
  4 entropy weavers
  2 caustic shrike skeletons (Depths:5)
  3 vampire knights
  2 spectral titans (Depths:1)
  5 deep elf annihilators
  Azrael (Spider:3)
  5 deep elf demonologists
  A minotaur (Gauntlet)
  12 ettins
  A spark wasp (Spider:3)
  12 deep elf death magi
  5 death oozes (Slime:5)
  6 yaktaur captains
  3 merfolk javelineers
  6 merfolk impalers
  6 deep elf high priests
  2 crystal guardians (Desolation)
  A blizzard demon (Depths:3)
  9 ragged hierophants (Desolation)
  11 ogre magi
  11 fire dragons
  3 quicksilver dragon skeletons (Depths:2)
  7 great orbs of eyes
  5 servants of whispers (Desolation)
  3 ice dragons
  27 vault guards
  Erolcha (D:9)
  9 rakshasas
  4 hydras
  10 peacekeepers (Desolation)
  12 centaur warriors
  3 merfolk avatars
  2 spriggan air magi
  3 catoblepae (Lair:6)
  2 merfolk aquamancers
  A death knight (Vaults:3)
  26 two-headed ogres
  36 dancing weapons
  5 satyrs
  2 hell hogs (Depths:2)
  5 tengu warriors
  An orc high priest (Orc:2)
  A death scarab (Gauntlet)
  10 death yaks
  4 deep troll earth magi
  11 deep troll shamans
  21 deep elf knights
  3 spriggan berserkers (Depths:4)
  A titan skeleton (Depths:2)
  3 hell knights (Depths:5)
  A spriggan (Depths:5)
  2 sun demons
  2 small abominations (Elf:3)
  A spectral death yak (Gauntlet)
  A wretched star (Spider:1)
  2 salamander mystics (Depths:4)
  10 skeletal warriors (Depths:2)
  7 sea snakes
  5 iron trolls
  An unseen horror (shapeshifter) (Vaults:2)
  4 large abominations (Elf:1)
  A storm dragon skeleton (Depths:2)
  7 glowing orange brains
  15 deep trolls
  5 wizards
  13 harpies
  2 flayed ghosts
  14 deep elf archers
  A lindwurm (shapeshifter) (Depths:5)
  15 ironbrand convokers
  2 phantasmal warriors
  10 orb spiders
  A golden dragon skeleton (Depths:3)
  An iron dragon zombie (Depths:3)
  24 wolf spiders
  A stone giant zombie (Depths:1)
  Pikel (D:7)
  6 necromancers
  A wolf spider (shapeshifter) (Depths:4)
  7 orc knights
  3 shining eyes
  6 orc sorcerers
  6 oklob plants (Lair:6)
  5 cyclopes
  A tengu skeleton (Depths:2)
  43 deep elf magi
  3 salamanders (Depths:4)
  A salamander (shapeshifter) (Vaults:5)
  13 manticores
  A moth of wrath (shapeshifter) (Depths:5)
  An iron dragon skeleton (Depths:2)
  2 worldbinders (Spider:1)
  37 ugly things
  4 fauns
  3 guardian serpents (Desolation)
  An ice statue (IceCv)
  3 moths of wrath
  9 merfolk sirens
  A guardian serpent (shapeshifter) (Depths:5)
  2 rust devils
  2 eyes of devastation (Slime:5)
  2 elephants (Lair:5)
  3 human skeletons
  3 titan simulacra (Depths:1)
  Psyche (D:8)
  2 black mambas
  6 water nymphs
  A molten gargoyle (Desolation)
  6 spiny frogs
  2 gargoyles
  11 vault sentinels
  An orange demon (Elf:3)
  3 centaur skeletons
  An efreet (D:15)
  A kobold demonologist (D:12)
  2 rime drakes
  A yaktaur (shapeshifter) (Vaults:4)
  12 demonic crawlers
  26 yaktaurs
  2 freezing wraiths (Vaults:4)
  3 komodo dragons
  A guardian mummy (D:15)
  A queen bee (shapeshifter) (Depths:2)
  10 trolls
  7 tengu conjurers
  6 hornets
  13 jumping spiders
  A queen bee (Lair:3)
  A troll (shapeshifter) (Vaults:3)
  20 merfolk
  15 polar bears
  Grinder (D:6)
  48 saltlings
  2 raiju
  6 snapping turtles
  A raiju (shapeshifter) (Depths:4)
  12 blink frogs
  79 slime creatures
  5 wind drakes
  A stone giant simulacrum (Vaults:2)
  6 dream sheep
  8 hippogriffs
  4 flying skulls (Depths:2)
  63 redbacks
  Sigmund (D:5)
  14 tarantellas
  A redback (shapeshifter) (Vaults:5)
  A tarantella (shapeshifter) (Vaults:1)
  5 air elementals
  16 water elementals
  3 wraiths (D:15)
  4 hogs (D:8)
  3 vampires
  3 wyverns
  6 spriggan skeletons
  3 basilisks
  34 yaks
  A hungry ghost (D:8)
  A wyvern (shapeshifter) (Depths:5)
  A steam dragon (Gauntlet)
  A human (D:8)
  8 fire elementals
  A golden eye (shapeshifter) (Vaults:5)
  8 golden eyes
  2 chaos spawn (Depths:4)
  2 vampire mosquitoes (D:12)
  6 wargs
  2 soldier ants (shapeshifter)
  A swamp worm (shapeshifter) (Vaults:5)
  10 water moccasins
  6 hell hounds
  A soldier ant (D:14)
  An acid dragon (D:14)
  2 ice beasts
  6 porcupines
  A human zombie (Vaults:2)
  37 orc warriors
  4 sky beasts
  2 phantoms
  5 eyes of draining
  8 black bears
  A necrophage (D:15)
  2 slaves
  31 ogres
  8 boggarts
  A tengu (shapeshifter) (Depths:5)
  19 wolves
  22 centaurs
  9 crocodiles
  2 big kobolds
  A yaktaur zombie (D:15)
  19 bullfrogs
  An elf zombie (Elf:1)
  A wyvern zombie (D:15)
  7 earth elementals
  2 wyvern skeletons
  10 scorpions
  15 killer bees (Lair:3)
  11 wights
  A vampire bat (Lair:2)
  7 howler monkeys
  2 electric eels
  4 crimson imps
  A bullfrog zombie (D:9)
  4 quasits
  23 orc priests
  5 hounds
  2 iron imps
  3 bullfrog skeletons
  33 orc wizards
  Ijyb (D:5)
  2 iguanas
  14 worker ants
  2 killer bee zombies
  A howler monkey skeleton (D:5)
  11 adders
  6 shadow imps
  3 ufetubi (Depths:4)
  7 oozes (Sewer)
  2 adder skeletons
  6 worms
  4 dart slugs
  14 leopard geckos
  81 orcs
  8 ball pythons
  20 bats
  21 giant cockroaches
  12 goblins
  8 hobgoblins
  6 jackals
  13 kobolds
  5 quokkas
  A ball python zombie (D:5)
  10 frilled lizards
  A leopard gecko zombie (D:6)
  A quokka zombie (D:5)
  10 rats
  A fungus (D:8)
  2 plants (Shoals:2)
1946 creatures vanquished.

Vanquished Creatures (collateral kills)
  An ancient lich (Vaults:5)
  A tentacled monstrosity (Depths:4)
  A deep elf blademaster (Elf:3)
  A titan (Vaults:5)
  4 acid blobs (Slime:5)
  A sphinx (Depths:4)
  A shadow dragon (Vaults:5)
  2 tengu reavers (Vaults:5)
  3 azure jellies (Slime:5)
  A fire giant (Depths:5)
  3 frost giants
  2 juggernaut zombies
  A ghost moth (Spider:4)
  2 imperial myrmidons (Desolation)
  5 vault wardens
  4 emperor scorpions
  A spectral juggernaut (Depths:1)
  2 ironheart preservers
  2 deep elf elementalists (Elf:3)
  4 very ugly things
  2 caustic shrike skeletons
  6 stone giants
  A war gargoyle (Vaults:5)
  A juggernaut skeleton (Depths:2)
  2 entropy weavers (Depths:5)
  A spectral titan (Depths:1)
  2 deep elf demonologists (Vaults:5)
  A vampire knight (Depths:5)
  2 deep elf annihilators (Elf:3)
  A halazid warlock (Desolation)
  2 merfolk javelineers
  2 ettins
  Josephine (D:15)
  3 death oozes (Slime:5)
  4 ogre magi
  3 merfolk impalers
  2 servants of whispers
  2 fire dragons (Depths:1)
  4 yaktaur captains
  12 vault guards
  3 rakshasas
  2 hydras (Lair:6)
  4 ice dragons
  An alligator snapping turtle (Shoals:4)
  4 centaur warriors
  A juggernaut simulacrum (Depths:1)
  A spriggan air mage (Depths:4)
  14 two-headed ogres
  5 dancing weapons
  2 merfolk aquamancers
  A tengu warrior (Depths:4)
  A spectral stone giant (Depths:1)
  2 death yaks (Lair:6)
  5 deep troll shamans
  A titan zombie (Depths:1)
  3 deep troll earth magi
  2 spriggan berserkers
  A vampire mage (Depths:5)
  4 deep elf knights
  6 iron trolls
  2 hell knights (Depths:5)
  A sea snake (Shoals:2)
  8 skeletal warriors
  5 deep trolls
  A shadow wraith (Vaults:5)
  A wizard (Vaults:2)
  An unseen horror (D:14)
  5 deep elf archers
  A glowing orange brain (Depths:4)
  6 orc knights
  3 harpies (Shoals:3)
  2 orb spiders (Spider:4)
  2 wolf spiders
  2 ironbrand convokers
  2 necromancers
  A tengu skeleton (Depths:3)
  11 deep elf magi
  A stone giant zombie (Depths:1)
  5 cyclopes
  4 orc sorcerers
  2 moths of wrath (Spider:4)
  9 ugly things
  4 fauns (Shoals:3)
  A sphinx skeleton (Depths:2)
  5 shining eyes
  A moth of wrath (shapeshifter) (Depths:5)
  2 manticores
  2 salamanders (Depths:4)
  4 frost giant skeletons (Depths:2)
  3 elephants (Lair:5)
  2 fire giant skeletons (Depths:2)
  2 centaur zombies
  3 merfolk sirens (Shoals:3)
  3 guardian serpents (Desolation)
  3 vault sentinels
  A water nymph (Shoals:1)
  2 rime drakes (Lair:6)
  6 spiny frogs
  An efreet (D:14)
  2 freezing wraiths
  12 yaktaurs
  3 komodo dragons
  2 demonic crawlers (Spider:4)
  A red devil (Depths:3)
  An ice devil (Depths:3)
  A small abomination (Elf:3)
  A tengu conjurer (D:13)
  A jumping spider (shapeshifter) (Vaults:2)
  2 jumping spiders (Spider:4)
  A troll (Orc:2)
  3 hornets
  13 polar bears
  12 merfolk
  2 wind drakes
  28 slime creatures
  14 saltlings
  A meliai zombie (D:13)
  3 blink frogs
  2 dream sheep
  3 snapping turtles
  3 air elementals
  9 redbacks
  4 flying skulls (Depths:2)
  A spriggan (Lair:2)
  A spriggan (shapeshifter) (Depths:5)
  2 tarantellas
  19 yaks
  3 spriggan skeletons (Depths:2)
  4 water elementals
  A wyvern (shapeshifter) (Depths:5)
  3 wraiths
  A basilisk (D:14)
  3 fire elementals
  A golden eye (shapeshifter) (Vaults:1)
  2 large abominations (Elf:1)
  2 vampire mosquitoes (D:12)
  4 wargs
  A warg (shapeshifter) (D:14)
  A hell hound (Spider:3)
  A sky beast (shapeshifter) (Depths:1)
  17 orc warriors
  A swamp drake (shapeshifter) (Vaults:5)
  An ice beast (D:9)
  An eye of draining (D:15)
  2 black bears (Lair:3)
  An ettin simulacrum (Vaults:2)
  5 ogres
  11 wolves
  10 centaurs
  4 crocodiles
  An elf zombie (Elf:1)
  A bullfrog (Lair:1)
  3 scorpions
  10 killer bees (Lair:3)
  A wight (D:13)
  2 howler monkeys
  A quasit (Depths:4)
  A jelly (D:13)
  4 orc priests
  A hound (D:11)
  8 orc wizards
  2 centaur skeletons (D:11)
  2 iguanas
  A shadow imp (Depths:4)
  19 orcs
  6 kobolds
  A bat (Orc:2)
  2 crawling corpses (Vaults:5)
  9 fungi
581 creatures vanquished.

Vanquished Creatures (others)
  2 deep elf master archers (Elf:3)
  A tengu reaver (Depths:5)
  A deep elf high priest (Vaults:5)
  A yaktaur captain (Vaults:5)
  A hydra (Lair:6)
  A vault guard (D:13)
  A satyr (Shoals:3)
  3 deep elf archers
  A deep troll (Depths:4)
  2 deep elf magi
  3 cyclopes
  2 fauns (Shoals:3)
  An ugly thing (D:14)
  A vault sentinel (Vaults:5)
  A water nymph (Shoals:3)
  A stone giant skeleton (D:15)
  An orange demon (Elf:3)
  2 yaktaurs
  A troll (Orc:2)
  A queen bee (shapeshifter) (Elf:1)
  A saltling (Desolation)
  2 water elementals
  A warg (Vaults:5)
  An orc warrior (Bailey)
  An ogre (D:8)
  A centaur (D:12)
  A quasit (D:8)
  A hound (D:8)
  4 ancestors
  33 knights
  7 orcs
  A goblin (D:3)
  6 fungi
  20 plants
  4 tentacles (Shoals:3)
  2 withered plants (D:15)
114 creatures vanquished.

Grand Total: 2641 creatures vanquished

Notes
Turn   | Place    | Note
-------+----------+-------------------------------------------
     0 | D:1      | OctopusDreamz the Octopode Fighter began the quest for the
                  | Orb.
     0 | D:1      | Reached XP level 1. HP: 16/16 MP: 1/1
   102 | D:1      | Reached XP level 2. HP: 16/21 MP: 2/2
   225 | D:1      | Reached skill level 3 in Polearms
   418 | D:1      | Reached XP level 3. HP: 26/26 MP: 3/3
  1171 | D:2      | Reached skill level 4 in Polearms
  1279 | D:2      | Reached XP level 4. HP: 31/31 MP: 4/4
  1814 | D:3      | Reached skill level 5 in Polearms
  1815 | D:3      | Reached XP level 5. HP: 36/36 MP: 5/5
  1820 | D:3      | Found a glowing drain.
  1824 | Sewer    | Entered a sewer
  2363 | Sewer    | Reached XP level 6. HP: 42/42 MP: 6/6
  2381 | Sewer    | Reached skill level 5 in Dodging
  2953 | D:3      | Found a hide-covered altar of Uskayaw.
  3186 | D:4      | Reached XP level 7. HP: 46/46 MP: 7/7
  3205 | D:4      | Found a white marble altar of Elyvilon.
  3311 | D:4      | Found a staircase to the Ecumenical Temple.
  3559 | D:4      | Found a bloodstained altar of Trog.
  3665 | D:5      | Entered Level 5 of the Dungeon
  3705 | D:5      | Noticed Ijyb
  3717 | D:5      | Killed Ijyb
  3932 | D:5      | Noticed Sigmund
  3940 | D:5      | Killed Sigmund
  3940 | D:5      | Reached skill level 6 in Polearms
  3940 | D:5      | Reached XP level 8. HP: 26/54 MP: 8/8
  4460 | D:5      | Paralysed by fainting for 7 turns
  4485 | D:5      | Paralysed by fainting for 8 turns
  4726 | D:5      | Identified Byong's Disquisition on Earthen Ice
  4832 | D:5      | Found a stormy altar of Qazlal.
  4985 | D:6      | Found a glowing silver altar of Zin.
  5082 | D:6      | Reached skill level 7 in Polearms
  5554 | D:5      | Reached skill level 5 in Fighting
  5823 | D:6      | Noticed Grinder
  5827 | D:6      | Reached skill level 8 in Polearms
  5918 | D:6      | Killed Grinder
  5918 | D:6      | Reached XP level 9. HP: 49/62 MP: 9/9
  6748 | D:7      | Found Oloosiomnu's Assorted Antiques.
  6753 | D:7      | Gained mutation: One of your tentacles bears a spike.
                  | [potion of mutation]
  6753 | D:7      | Gained mutation: Your muscles are strong. (Str +2) [potion
                  | of mutation]
  6776 | D:7      | Identified Sif Muna's Guide on Air and Poison
  6782 | D:7      | Found Vioreh's Jewellery Shoppe.
  6881 | D:7      | HP: 1/62 [orc wizard/magic dart (8)]
  6920 | D:7      | Bought a scroll labeled IWAOCALLAODYG for 26 gold pieces
  6920 | D:7      | Bought a scorched glass ring for 130 gold pieces
  6920 | D:7      | Bought a scroll labeled ZICA ILESUAMEL for 26 gold pieces
  6920 | D:7      | Bought a scroll labeled PONUORH WUOFO for 26 gold pieces
  6920 | D:7      | Identified the ring of Amorality {rF+ rN+ Str+3 Stlth-}
                  | (You bought it in a shop on level 7 of the Dungeon)
  6927 | D:7      | Reached skill level 9 in Polearms
  6952 | D:7      | Noticed a two-headed ogre
  7067 | D:7      | Killed a two-headed ogre
  7067 | D:7      | Reached skill level 10 in Polearms
  7067 | D:7      | Reached XP level 10. HP: 68/68 MP: 10/10
  7123 | D:7      | Found Weg Olat's Armour Boutique.
  7216 | D:7      | Found Ololahab's Antique Weapon Shoppe.
  7325 | D:7      | Found Refourgh's Assorted Antiques.
  7338 | D:7      | Bought a scroll labeled BOAHEA FUG JAO for 21 gold pieces
  7338 | D:7      | Bought a scroll labeled PONUORH WUOFO for 21 gold pieces
  7338 | D:7      | Bought a fuming dark potion for 18 gold pieces
  7338 | D:7      | Bought a scroll labeled AVIWUD RACIU for 21 gold pieces
  7338 | D:7      | Bought a scroll labeled AVIWUD RACIU for 21 gold pieces
  7496 | Temple   | Entered the Ecumenical Temple
  7502 | Temple   | Became a worshipper of Hepliaklqana the Forgotten
  7605 | D:8      | Noticed Pikel
  7621 | D:7      | Killed Pikel
  7621 | D:7      | Reached skill level 11 in Polearms
  7701 | D:8      | Found a staircase to the Lair.
  7744 | D:8      | Noticed Psyche
  7753 | D:8      | Killed Psyche
  8129 | D:8      | Found an opulent altar of Gozag.
  8405 | D:8      | Found a glowing golden altar of the Shining One.
  8690 | D:9      | Reached skill level 10 in Dodging
  8780 | D:9      | Reached skill level 5 in Shields
  8870 | D:9      | Reached * piety under Hepliaklqana
  8880 | D:9      | Noticed a two-headed ogre
  8882 | D:9      | Reached XP level 11. HP: 44/64 MP: 11/11
  8895 | D:9      | Killed a two-headed ogre
  9387 | D:9      | Found a staircase to the Orcish Mines.
  9441 | D:9      | Noticed Erolcha
  9458 | D:9      | Killed Erolcha
  9592 | D:10     | Entered Level 10 of the Dungeon
 10565 | D:11     | Reached ** piety under Hepliaklqana
 10566 | D:11     | Remembered your ancestor Caliana as a knight
 10636 | D:11     | Found Ikoaf's General Store.
 10644 | D:11     | Bought a potion of curing for 36 gold pieces
 10644 | D:11     | Bought a scroll of fear for 42 gold pieces
 11216 | D:11     | Reached skill level 12 in Polearms
 11307 | D:11     | Got a bone war axe
 11308 | D:11     | Identified the cursed +1 war axe "Torghodd" {chaos, -Tele
                  | +Rage Int+4 Stlth+} (You found it on level 11 of the
                  | Dungeon)
 11641 | D:12     | Noticed a deep elf mage
 11641 | D:12     | Noticed an ogre mage
 11641 | D:12     | Noticed a two-headed ogre
 11642 | D:12     | Found a runed translucent gate.
 11642 | D:12     | Noticed Odenyibo's ghost (journeyman HOFi)
 11643 | D:12     | Found a runed translucent gate.
 11643 | D:12     | Found a runed translucent gate.
 11643 | D:12     | Noticed a deep elf annihilator
 11691 | D:12     | Noticed a two-headed ogre
 11704 | D:12     | Killed a two-headed ogre
 11755 | D:12     | Reached XP level 12. HP: 73/73 MP: 12/12
 11935 | D:12     | Found Baewog's Antique Armour Boutique.
 12212 | D:12     | Reached *** piety under Hepliaklqana
 12721 | Orc:1    | Entered Level 1 of the Orcish Mines
 12721 | Orc:1    | Found a shimmering altar of Xom.
 12725 | Orc:1    | Reached skill level 1 in Evocations
 12783 | Orc:1    | Found a flagged portal.
 12804 | Bailey   | Entered a bailey
 13564 | Bailey   | Found a roughly hewn altar of Beogh.
 13600 | Bailey   | Got a heavily runed marble ring
 13680 | Orc:1    | Identified the ring of Diynt {Ice rElec MR+ Int+3} (You
                  | found it in a bailey)
 13731 | Orc:1    | Noticed a two-headed ogre
 13742 | Orc:1    | Reached skill level 5 in Evocations
 13770 | Orc:1    | Reached **** piety under Hepliaklqana
 14203 | D:9      | Killed a two-headed ogre
 14800 | Orc:2    | Entered Level 2 of the Orcish Mines
 14803 | Orc:2    | Noticed an orc warlord
 14885 | Orc:2    | Reached skill level 13 in Polearms
 14908 | Orc:2    | Found a gate leading to a gauntlet.
 14918 | Gauntlet | Entered a Gauntlet
 14918 | Gauntlet | Found a transporter.
 14918 | Gauntlet | Found a transporter.
 14918 | Gauntlet | Found a runed translucent door.
 14918 | Gauntlet | Found a runed translucent door.
 14920 | Gauntlet | Noticed a death scarab
 15083 | Gauntlet | Found a transporter.
 15087 | Gauntlet | Found a transporter.
 15087 | Gauntlet | Found a transporter.
 15088 | Gauntlet | Found a transporter.
 15115 | Gauntlet | Found a runed translucent door.
 15117 | Gauntlet | Found a runed translucent door.
 15119 | Gauntlet | Found the +7 sceptre of Torment {pain, torment}
 15119 | Gauntlet | Found a transporter.
 15123 | Gauntlet | Found a transporter.
 15134 | Gauntlet | Found a transporter.
 15146 | Gauntlet | Found a runed translucent gate.
 15147 | Gauntlet | Found a transporter.
 15147 | Gauntlet | Found a runed translucent gate.
 15148 | Gauntlet | Found a runed translucent gate.
 15149 | Gauntlet | Noticed a death yak
 15149 | Gauntlet | Noticed a death yak
 15149 | Gauntlet | Noticed a death yak
 15149 | Gauntlet | Noticed a death yak
 15161 | Gauntlet | Found a transporter.
 15165 | Gauntlet | Found a transporter.
 15229 | Gauntlet | Killed a death scarab
 15468 | Gauntlet | Reached XP level 13. HP: 47/81 MP: 18/18
 15628 | Gauntlet | Identified the ring of Pumos {+Fly rF++}
 15628 | Gauntlet | Noticed a minotaur
 15662 | Gauntlet | Killed a minotaur
 15683 | Gauntlet | Got a dazzling battleaxe
 15886 | Orc:2    | Reached skill level 1 in Invocations
 16276 | Orc:2    | Reached skill level 5 in Invocations
 16820 | Orc:1    | Killed an orc warlord
 16998 | Orc:2    | Found Bun Luj's Armour Emporium.
 16998 | Orc:2    | Found Moocs's Antique Armour Emporium.
 16998 | Orc:2    | Found Firoppom's Antique Armour Shoppe.
 17001 | Orc:2    | Found Haipt's Distillery.
 17027 | Orc:2    | Bought a potion of experience for 900 gold pieces
 17027 | Orc:2    | Bought a potion of heal wounds for 90 gold pieces
 17027 | Orc:2    | Reached skill level 10 in Fighting
 17027 | Orc:2    | Reached XP level 14. HP: 77/89 MP: 19/19
 17089 | Orc:2    | Found a staircase to the Elven Halls.
 17411 | Orc:2    | Learned a level 2 spell: Blink
 17414 | Orc:2    | Learned a level 2 spell: Swiftness
 17421 | Orc:2    | Learned a level 6 spell: Eringya's Noxious Bog
 17507 | Lair:1   | Entered Level 1 of the Lair of Beasts
 17518 | Lair:1   | Identified a scroll of acquirement
 17659 | Lair:1   | Reached skill level 10 in Shields
 17974 | Lair:1   | Reached ***** piety under Hepliaklqana
 18533 | Lair:2   | Found a hide-covered altar of Uskayaw.
 18795 | Lair:2   | Found a staircase to the Shoals.
 19647 | Lair:2   | Got a smoking rapier
 19739 | Lair:2   | Found a hole to the Spider Nest.
 20243 | Lair:2   | Reached XP level 15. HP: 82/92 MP: 20/20
 20538 | Lair:3   | Noticed Gastronok
 20618 | Lair:3   | Killed Gastronok
 20660 | Lair:3   | Noticed Sonja
 20661 | Lair:3   | Noticed Sonja
 20661 | Lair:3   | Sonja changed into Sonja the hornet
 20666 | Lair:3   | Killed Sonja the hornet
 21246 | Lair:3   | Found a runed translucent door.
 21825 | Lair:3   | Found a shimmering altar of Xom.
 21825 | Lair:3   | Noticed Onkana's ghost (journeyman DrAE)
 23558 | Lair:5   | Reached ****** piety under Hepliaklqana
 24038 | Lair:6   | Entered Level 6 of the Lair of Beasts
 24140 | Lair:6   | Found a frozen archway.
 24175 | IceCv    | Entered an ice cave
 24637 | IceCv    | Reached skill level 15 in Shields
 24679 | IceCv    | Noticed a frost giant
 24748 | IceCv    | Killed a frost giant
 24748 | IceCv    | Reached skill level 1 in Spellcasting
 24748 | IceCv    | HP: 4/92 [something (8)]
 25215 | IceCv    | Got an iridescent glaive
 25745 | IceCv    | Identified the +7 glaive "Xoexirr" {vorpal, rN++ Dex+4}
                  | (You found it in an ice cave)
 25761 | IceCv    | Learned a level 5 spell: Yara's Violent Unravelling
 25802 | Lair:6   | Reached skill level 1 in Poison Magic
 25805 | Lair:6   | Reached skill level 1 in Transmutations
 25815 | Lair:6   | Found a staircase to the Slime Pits.
 26682 | Lair:6   | Reached XP level 16. HP: 77/98 MP: 21/21
 27110 | Lair:6   | Reached skill level 5 in Poison Magic
 27320 | Lair:6   | Reached skill level 5 in Transmutations
 28381 | D:13     | Found a gate to the Vaults.
 29956 | D:14     | Reached skill level 1 in Hexes
 30356 | D:15     | Entered Level 15 of the Dungeon
 30701 | D:15     | Noticed Josephine
 30702 | D:15     | Found a staircase to the Depths.
 30707 | D:15     | Killed Josephine
 31826 | Elf:1    | Entered Level 1 of the Elven Halls
 31916 | Elf:1    | Reached XP level 17. HP: 67/103 MP: 22/22
 31917 | Elf:1    | Identified the cursed +1 leather armour of Inquiry {Int+2}
 32034 | Elf:1    | Reached skill level 10 in Transmutations
 32124 | Elf:1    | Identified the Handbook of Unholy Rituals
 32169 | Elf:1    | Found a ruined gateway.
 32188 | Desolati | Entered the Desolation of Salt
 32221 | Desolati | Reached skill level 1 in Stealth
 32234 | Desolati | HP: 5/103 [saltling (14)]
 32263 | Desolati | Reached skill level 5 in Stealth
 33365 | Desolati | Got a steaming pewter ring
 33367 | Desolati | Identified the ring of Kitticse {rF+ AC+4} (You found it in
                  | the Desolation of Salt)
 33585 | Desolati | Reached skill level 10 in Stealth
 33619 | Desolati | Got a faintly glowing brass ring
 33621 | Desolati | Identified Xuruclum's Papyrus of the Enchanting Blaze
 33628 | Desolati | Got a wavering brass ring
 33635 | Desolati | Identified the cursed ring of Dobliq {+Fly Dex-3} (You
                  | found it in the Desolation of Salt)
 33637 | Desolati | Identified the ring of Juyrirghi {*Slow EV+6 Str+6 SInv}
                  | (You found it in the Desolation of Salt)
 33672 | Desolati | Identified the ring of Satyriasis {Str+3 Dex+5 SInv}
 33689 | Desolati | Reached skill level 14 in Polearms
 34768 | Desolati | Reached skill level 15 in Polearms
 34768 | Desolati | HP: 5/103 [peacekeeper (15)]
 34833 | Desolati | Got a pitted garnet amulet
 35249 | Desolati | Reached XP level 18. HP: 41/108 MP: 23/23
 36006 | Elf:1    | Reached skill level 16 in Polearms
 36166 | Elf:1    | Identified the amulet "Ycvod" {Inacc MR++ Str+4 Stlth+}
                  | (You found it in the Desolation of Salt)
 36474 | Elf:1    | Reached skill level 17 in Polearms
 37830 | Elf:2    | Found a huge runed translucent gate.
 37830 | Elf:2    | Found a huge runed translucent gate.
 37830 | Elf:2    | Found a huge runed translucent gate.
 37830 | Elf:2    | Found a huge runed translucent gate.
 37830 | Elf:2    | Found a huge runed translucent gate.
 37834 | Elf:2    | Reached skill level 18 in Polearms
 37978 | D:10     | Learned a level 3 spell: Ozocubu's Armour
 38017 | D:10     | Identified the Disquisition on Cold and Transformation (You
                  | acquired it on level 10 of the Dungeon)
 38135 | Shoals:1 | Entered Level 1 of the Shoals
 38418 | Shoals:1 | Reached skill level 5 in Spellcasting
 39223 | Shoals:2 | Reached XP level 19. HP: 113/113 MP: 13/29
 39889 | Shoals:3 | Noticed Jorgrun
 39901 | Shoals:3 | Killed Jorgrun
 40257 | Shoals:3 | Noticed Ilsuiw
 40275 | Shoals:3 | Killed Ilsuiw
 41183 | Shoals:4 | Entered Level 4 of the Shoals
 41448 | Shoals:4 | Identified the +4 shield of Vuniomunn {MR++ Str+3 Int-2}
                  | (You acquired it on level 4 of the Shoals)
 41543 | Shoals:4 | Reached skill level 1 in Charms
 41942 | Shoals:4 | Got a barnacled rune of Zot
 42712 | Shoals:4 | Learned a level 5 spell: Alistair's Intoxication
 42981 | Elf:2    | Reached XP level 20. HP: 120/120 MP: 14/33
 43436 | Elf:3    | Entered Level 3 of the Elven Halls
 44901 | Elf:3    | Learned a level 8 spell: Necromutation
 45043 | Elf:3    | Reached skill level 1 in Necromancy
 45117 | Elf:3    | Reached skill level 5 in Necromancy
 45335 | Elf:3    | Identified the cursed +0 spear of Contention {drain,
                  | *Contam Int+4 SInv Stlth+}
 45341 | Elf:3    | Identified the amulet of the Lonely Lives {Acrobat Str+3
                  | Dex+3}
 45352 | Elf:3    | Noticed a Brimstone Fiend
 45461 | Elf:3    | Reached XP level 21. HP: 92/125 MP: 14/34
 45592 | Elf:3    | Identified the +5 lajatang "Zearphe" {freeze, rF- rC+ Int+3
                  | SInv}
 45776 | Elf:3    | Identified the Collected Works on Attacks and the Arsonist
 45779 | Elf:3    | Identified A Primer on Magic
 46205 | Spider:1 | Entered Level 1 of the Spider Nest
 46240 | Spider:1 | Found a transporter.
 46241 | Spider:1 | Found a one-way gate to the infinite horrors of the Abyss.
 46307 | Spider:1 | Found a transporter.
 46342 | Spider:1 | Noticed gouglew's ghost (journeyman TrMo)
 47992 | Spider:3 | Noticed Azrael
 48003 | Spider:3 | Killed Azrael
 48297 | Spider:4 | Entered Level 4 of the Spider Nest
 49438 | Spider:4 | Reached skill level 10 in Necromancy
 49721 | Spider:4 | Got a gossamer rune of Zot
 50838 | Vaults:1 | Entered Level 1 of the Vaults
 51193 | Vaults:1 | Noticed Aizul
 51204 | Vaults:1 | Killed Aizul
 51523 | Vaults:1 | Reached XP level 22. HP: 132/135 MP: 15/35
 52683 | Vaults:2 | Found a staircase to the Crypt.
 52683 | Vaults:2 | Found a basalt altar of Yredelemnul.
 52684 | Vaults:2 | Found an ancient bone altar of Kikubaaqudgha.
 54065 | Vaults:3 | Learned a level 8 spell: Infestation
 54716 | Vaults:3 | Reached skill level 15 in Necromancy
 54740 | Vaults:3 | You fall into a shaft and drop 1 floor!
 55456 | Vaults:4 | Reached XP level 23. HP: 139/139 MP: 15/36
 56926 | Depths:1 | Entered Level 1 of the Depths
 56987 | Depths:1 | Found a portal to a secret trove of treasure.
 57155 | Depths:1 | Found Boqi's Magic Scroll Shop.
 57198 | Depths:1 | Bought a scroll of magic mapping for 73 gold pieces
 57353 | Depths:1 | Found a runed translucent door.
 57357 | Depths:1 | Noticed Avadwis's ghost (veteran GnWz)
 57404 | Depths:1 | Killed Avadwis's ghost
 58707 | Depths:1 | Found a gateway to Hell.
 59138 | Depths:2 | Found a gateway to a ziggurat.
 59388 | Depths:2 | Reached XP level 24. HP: 143/148 MP: 15/36
 59702 | Depths:2 | Reached skill level 19 in Polearms
 59919 | Depths:2 | Identified Advanced Steps in Hermeneutics
 60811 | Depths:3 | Learned a level 6 spell: Statue Form
 60865 | Depths:3 | Reached skill level 1 in Earth Magic
 61096 | Depths:3 | Found a one-way gate leading to the halls of Pandemonium.
 61391 | Depths:3 | Reached skill level 15 in Fighting
 62444 | Depths:4 | Reached XP level 25. HP: 96/161 MP: 15/36
 63437 | Depths:5 | Entered Level 5 of the Depths
 63570 | Depths:5 | Noticed Saint Roka
 63587 | Depths:5 | Killed Saint Roka
 63641 | Depths:5 | Reached skill level 10 in Spellcasting
 64033 | Depths:5 | Identified the ring of Tatyxtan {MR+ Slay+4 SInv}
 64049 | Depths:5 | Identified the cursed +1 whip "Laisupt" {flame, rPois}
 64049 | Depths:5 | Identified the +8 hand crossbow "Weloasch" {vorpal, rN+
                  | SInv}
 64061 | Depths:5 | Reached skill level 20 in Polearms
 64541 | Depths:5 | Found a gate to the Realm of Zot.
 64566 | Depths:5 | Noticed an ancient lich
 64585 | Depths:5 | Reached XP level 26. HP: 65/170 MP: 12/38
 64586 | Depths:5 | Killed an ancient lich
 64586 | Depths:5 | Reached skill level 21 in Polearms
 66816 | Spider:1 | Killed gouglew's ghost
 67062 | D:7      | Bought an uncursed ring of resist corrosion for 220 gold
                  | pieces
 68009 | Slime:1  | Entered Level 1 of the Pits of Slime
 68063 | Slime:1  | Gained mutation: Scrolls take you a little longer to read.
                  | [a shining eye]
 68558 | Slime:2  | Lost mutation: Your muscles are strong. (Str +2) [a shining
                  | eye]
 68559 | Slime:2  | Gained mutation: You are clumsy. (Dex -2) [a shining eye]
 69365 | Slime:5  | Entered Level 5 of the Pits of Slime
 69386 | Slime:4  | Reached skill level 10 in Evocations
 69681 | Slime:5  | Gained mutation: You do not regenerate when monsters are
                  | visible. [a shining eye]
 69706 | Slime:5  | Gained mutation: You are dopey. (Int -2) [a shining eye]
 69953 | Slime:5  | Noticed the Royal Jelly
 70517 | Slime:5  | Found a viscous altar of Jiyva.
 70582 | Slime:5  | Killed the Royal Jelly
 70584 | Slime:5  | HP: 6/170 [azure jelly[the Royal Jelly] (7)]
 71181 | Slime:5  | Got a slimy rune of Zot
 71183 | Slime:5  | Got a glittering copper ring
 71225 | Slime:5  | Identified the ring "Dusioril" {rN+ Int+4 SInv Stlth+} (You
                  | found it on level 5 of the Pits of Slime)
 71716 | Vaults:5 | Entered Level 5 of the Vaults
 71792 | Vaults:5 | Noticed an ancient lich
 71799 | Vaults:5 | Killed an ancient lich
 71799 | Vaults:5 | Reached XP level 27. HP: 80/175 MP: 8/38
 71807 | Vaults:5 | Reached skill level 15 in Evocations
 72076 | Vaults:5 | Identified the +8 lajatang "Ziemap" {flame, Fragile rN+
                  | Dex+2 Stlth+}
 72439 | Vaults:5 | Reached skill level 15 in Stealth
 72501 | Vaults:5 | Noticed Frederick
 72521 | Vaults:5 | Killed Frederick
 73038 | Vaults:5 | Found Xeanota's Jewellery Shop.
 73064 | Vaults:5 | Found Kenonn's Antique Armour Shoppe.
 73073 | Vaults:5 | Bought the ring "Iwniof" {Wiz rN+ Dex+5} for 1034 gold
                  | pieces
 73346 | Vaults:5 | Identified the +6 broad axe "Toarph" {speed, rElec rPois
                  | Str-4 Dex+4}
 73385 | Vaults:5 | Got a silver rune of Zot
 73499 | Vaults:5 | Identified the +8 falchion of Souh {protect, Dex+3}
 73784 | Vaults:5 | Reached skill level 22 in Polearms
 73870 | Vaults:5 | HP: 1/175 [war gargoyle/spray of metal splinters (23)]
 73871 | Vaults:5 | Mangled by a war gargoyle

Levels and vault maps discovered:
D:1:      matt_arrival_spirals, layout_basic
D:2:      layout_basic
D:3:      layout_basic, lemuel_crystal_altar, gup_sewer_entry_bowl,
          minmay_goblin_outpost
D:4:      layout_basic, overflow_temple_1_default,
          minmay_temple_entry_antechambers, first_ration, trog_eyes_of_draining
D:5:      layout_basic, kennysheep_mini_moat, serial_co_window_serial,
          co_window_of_opportunity_a, co_window_corner_a, co_window_paths_a,
          co_window_of_opportunity_a, co_window_paths_a, co_window_paths_c,
          co_window_of_opportunity_b, co_window_broadway_b,
          co_window_broadway_a, co_window_paths_e, co_window_4corner_b,
          glass_columns_b, glass_columns_a, glass_columns_b, glass_columns_a,
          glass_columns_b, uniq_sigmund, uniq_ijyb
D:6:      black_bear_nest_1, layout_rooms, zin_academy, uniq_grinder
D:7:      layout_rooms, serial_shops, shop_fountains, shop, shop,
          nicolae_shop_trees, nicolae_shop_overgrown_old_shop, st_stairs_10
D:8:      layout_loops_ring, nicolae_overflow_hidden_temple, dpeg_oklobed_lair,
          grunt_livestock, kennysheep_generic_room_2, uniq_pikel, uniq_psyche
D:9:      layout_cross, david_orc_4, kennysheep_cross_room, uniq_erolcha
D:10:     layout_loops_cross
D:11:     layout_stronghold, serial_shops, nicolae_shop_stone
D:12:     layout_stronghold, serial_shops, shop, gammafunk_ghost_split
D:13:     layout_basic, grunt_vaults_entry_fortified
D:14:     layout_irregular_city, kennysheep_path_1, minmay_starry_boxes
D:15:     gammafunk_depths_entry_grave, layout_loops_ring, minmay_misc_feat_iff,
          uniq_josephine
Temple:   nicolae_temple_x_marks_the_god
Lair:1:   layout_regular_city
Lair:2:   layout_roguey, minmay_shoals_entry_beasts,
          spider_nest_entry_funnel_web, basic_altar, roderic_batcave,
          forest_entry_grove, grunt_megastairs_4
Lair:3:   beast_lair_carwin_large_4, layout_layer_cave, special_room
          [special_room_bee], ebering_ghost_xom, uniq_sonja, uniq_gastronok
Lair:4:   layout_cave_pods, serial_bayou_shore_a
Lair:5:   layout_layer_cave
Lair:6:   evilmike_catoblepas_cave, layout_small_grid,
          minmay_slime_entry_oklob_open, portal_ice_cave_rime,
          chequers_serial_rivers_micro_b, minmay_lair_oklob_chamber
Shoals:1: layout_shoals
Shoals:2: layout_shoals, st_cyclops
Shoals:3: layout_shoals, uniq_jorgrun, uniq_ilsuiw
Shoals:4: shoals_end_grunt_ice, layout_shoals
Spider:1: spiders_nest_scorpion_pit, gammafunk_ghost_abyssal_escape,
          hangedman_spider_tarantella_strand
Spider:2: layout_spider_delve
Spider:3: layout_spider_delve, uniq_azrael
Spider:4: grunt_spider_rune_circles, nicolae_crawler_farm
Slime:1:  layout_caves
Slime:2:  layout_caves, basic_altar
Slime:3:  layout_caves
Slime:4:  layout_caves
Slime:5
Orc:1:    layout_caves, basic_altar, enter_bailey_3
Orc:2:    st_orc_mages, layout_caves, gauntlet_entry_generic, abandoned_shop,
          mines_bat_river
Elf:1:    minmay_the_grid_net [minmay_the_grid_spin_star,
          minmay_the_grid_minigrid_large, minmay_the_grid_minigrid_small,
          minmay_the_grid_tiny_cups, minmay_the_grid_diamond_grid,
          minmay_the_grid_prize_trominoes], layout_loops_ring,
          portal_desolation_entry_salt, minmay_elf_necromancy
Elf:2:    layout_onion_city
Elf:3:    elf_hall, layout_geoelf_castle, einodemon_barbed_minivault
Vaults:1: hangedman_vaults_nails, nicolae_vaults_little_squares_4, v_pattern_5,
          vaults_standard_mumra_x, vaults_dpeg_hooks, vaults_room_hallway,
          layout_vaults_omnigrid, uniq_aizul
Vaults:2: vaults_room_pools, nicolae_vaults_diagonal_hallway_9,
          nicolae_vaults_sealed_display, minmay_crypt_entry_necro_gods,
          v_misc_30, grunt_vaults_bifocal, vaults_dpeg_cross,
          vaults_room_corners, nicolae_vaults_theta, vaults_room_pools,
          v_alt_pattern_1, nicolae_vaults_little_squares_1,
          nicolae_vaults_little_ls, nicolae_vaults_stairing_the_circle,
          v_misc_24, v_alt_pattern_2, layout_vaults_omnibox
Vaults:3: ontoclasm_vaults_gateway, hangedman_vaults_unwind,
          nicolae_vaults_diagonal_hallway_8, nicolae_vaults_disjoint_gnomons,
          vaults_room_semicircle, hangedman_vaults_snaps, vaults_dpeg_diagonal,
          hangedman_vaults_trim, layout_vaults_chaotic_city
Vaults:4: vaults_room_fancy_cross, v_misc_11, vaults_room_boxed,
          vaults_dpeg_ring, v_misc_32, vaults_room_stairs_pillars,
          vaults_room_fancy_cross, nicolae_vaults_specimen_jars,
          dpeg_vaults_monster_row, hangedman_vaults_restitches,
          grunt_vaults_trifunnel, layout_vaults_ring
Vaults:5: uniq_frederick
Depths:1: layout_gridlike, enter_trove_5, minmay_misc_feat_five,
          muffindrake_ghost_dead_mans_drink, grunt_hell_entry_dis_grunt,
          serial_shops, nicolae_shop_trees, hangedman_decor_push,
          evilmike_ambush [evilmike_ambush_outer_basic,
          evilmike_ambush_inner_basic]
Depths:2: minmay_skeleton_keep, layout_basic, enter_ziggurat_a, serial_rivers,
          chequers_serial_rivers_small_b, chequers_serial_rivers_small_3,
          chequers_serial_rivers_small_3, chequers_serial_rivers_micro_c,
          chequers_serial_rivers_micro_a, hex_intersection, grunt_hell_horde
Depths:3: kennysheep_blocky_room, layout_gridville, rand_demon_pan_entry_7,
          hell_entry, abyss_entry, minmay_strange_pillars,
          infiniplex_staircase_x, grunt_megastairs_2, serial_bayou_shore_b
Depths:4: evilmike_lava_path, layout_cave_pools, minmay_crystal_water,
          grunt_pan_entry_spiral, pf_coc_iceberg, abyss_entry,
          infiniplex_staircase_door_maze
Depths:5: hangedman_pleasuredromes, hell_entry, uniq_saint_roka

Skill      XL: |  1  2  3  4  5  6  7  8  9 10 11 12 13 14 15 16 17 18 19 20 21 22 23 24 25 26 27 |
---------------+----------------------------------------------------------------------------------+-----
Polearms       | 3 4 5 6 8 10 11 12 13 15 18 19 20 21 22 | 22.1
Dodging        | 4 5 7 10 12 13 | 13.5
Fighting       | 5 6 8 9 10 12 13 16 18 | 18.1
Shields        | 4 5 8 9 12 15 | 15.0
Evocations     | 7 14 15 | 15.9
Invocations    | 6 |  6.8
Spellcasting   | 3 6 9 11 | 11.3
Poison Magic   | 3 8 |  8.8
Transmutations | 3 9 10 14 | 14.0
Hexes          | 4 |  4.0
Stealth        | 10 20 | 20.8
Charms         | 4 |  4.6
Necromancy     | 7 11 16 18 | 18.2
Earth Magic    | 2 |  2.0

Action                   |  1- 3 |  4- 6 |  7- 9 | 10-12 | 13-15 | 16-18 | 19-21 | 22-24 | 25-27 || total
-------------------------+-------+-------+-------+-------+-------+-------+-------+-------+-------++-------
Melee: Trident           |    82 |   183 |   217 |   668 |   990 |  1340 |       |       |       ||  3480
       Constrict         |    14 |    38 |    50 |   110 |    94 |   189 |   153 |   133 |    78 ||   859
       Tentacles         |     8 |    44 |    63 |   166 |   233 |   465 |   289 |   432 |   329 ||  2029
       Kick              |       |       |    16 |   265 |   387 |   764 |   456 |   658 |   532 ||  3078
       Demon trident     |       |       |       |       |       |   125 |  1242 |  1441 |  1080 ||  3888
Throw: Dart              |       |     4 |    10 |     8 |       |       |       |       |       ||    22
 Cast: Eringya's Noxious |       |       |       |       |       |     1 |       |       |       ||     1
       Yara's Violent Un |       |       |       |       |       |       |     2 |       |       ||     2
       Infestation       |       |       |       |       |       |       |       |     7 |       ||     7
       Statue Form       |       |       |       |       |       |       |       |     6 |     8 ||    14
Invok: Ancestor Life: Kn |       |       |       |     1 |       |       |       |       |       ||     1
       Recall Ancestor   |       |       |       |     2 |     7 |     3 |     2 |     4 |     4 ||    22
       Transference      |       |       |       |       |     1 |     4 |     2 |     3 |     1 ||    11
       Idealise          |       |       |       |       |     1 |       |       |       |     2 ||     3
 Abil: Evoke Berserk Rag |       |       |       |       |     1 |       |       |       |       ||     1
       Evoke Flight      |       |       |       |       |       |       |       |     1 |     3 ||     4
Evoke: Wand              |       |       |     5 |    26 |    23 |    15 |     5 |     3 |    17 ||    94
       Sack of spiders   |       |       |       |       |       |       |     3 |       |       ||     3
       Fan of gales      |       |       |       |       |       |       |       |       |     1 ||     1
       Phantom mirror    |       |       |       |       |       |       |       |       |     1 ||     1
       Lamp of fire      |       |       |       |       |       |       |       |       |     1 ||     1
  Use: Potion            |       |       |     4 |     4 |     4 |    15 |       |     5 |    18 ||    50
       Scroll            |       |       |       |    33 |     6 |    29 |     6 |     2 |    15 ||    91
 Stab: Sleeping          |    10 |    21 |     8 |     5 |     9 |    33 |    65 |    61 |    13 ||   225
       Paralysed         |       |       |     3 |       |     6 |       |       |       |       ||     9
       Distracted        |       |       |       |     7 |     9 |    24 |    27 |    48 |    41 ||   156
       Invisible         |       |       |       |       |       |     3 |       |       |       ||     3
       Held in net/web   |       |       |       |       |       |       |     1 |       |       ||     1
  Eat: Chunk             |     1 |     7 |     8 |    23 |    30 |    37 |    21 |    31 |    22 ||   180
       Ration            |       |       |     1 |     1 |     2 |     2 |     6 |     4 |     6 ||    22
Armor: Skin              |     1 |    12 |     4 |     4 |     7 |    16 |    27 |    29 |    76 ||   176
Dodge: Dodged            |    22 |    49 |    75 |   159 |   200 |   342 |   445 |   358 |   467 ||  2117
Block: Shield            |    23 |    72 |    77 |   246 |   427 |   731 |   693 |   581 |   617 ||  3467
       Reflection        |     1 |     4 |     3 |    32 |     6 |    79 |    81 |       |       ||   206

Table legend:
 A = Non-vault XP
 B = Vault XP
 C = Vault XP percentage of total XP
 D = Non-vault monster count
 E = Vault monster count
 F = Vault count percentage of total count
                 A         B        C        D         E       F
            +---------+---------+-------+---------+---------+-------
      Total |  578313 |  799539 |  58.0 |    1411 |    1128 |  44.4
            +---------+---------+-------+---------+---------+-------
        D:1 |      41 |       0 |   0.0 |      23 |       0 |   0.0
        D:2 |      94 |       0 |   0.0 |      28 |       0 |   0.0
        D:3 |      88 |      12 |  12.0 |      21 |       6 |  22.2
        D:4 |     255 |     131 |  33.9 |      11 |       3 |  21.4
        D:5 |     526 |     263 |  33.3 |      11 |       2 |  15.4
        D:6 |    1212 |     410 |  25.3 |      20 |       2 |   9.1
        D:7 |    1784 |     610 |  25.5 |      23 |       3 |  11.5
        D:8 |     997 |    1640 |  62.2 |      17 |       9 |  34.6
        D:9 |    3623 |    1568 |  30.2 |      36 |      13 |  26.5
       D:10 |     812 |       0 |   0.0 |      12 |       0 |   0.0
       D:11 |    3274 |       0 |   0.0 |      32 |       0 |   0.0
       D:12 |    5177 |       0 |   0.0 |      29 |       0 |   0.0
       D:13 |    3907 |    6822 |  63.6 |      25 |      10 |  28.6
       D:14 |   14412 |     444 |   3.0 |      57 |       2 |   3.4
       D:15 |    5063 |    6733 |  57.1 |      16 |      13 |  44.8
     Lair:1 |    8758 |       0 |   0.0 |      32 |       0 |   0.0
     Lair:2 |    6701 |    4593 |  40.7 |      19 |      27 |  58.7
     Lair:3 |    4822 |    7512 |  60.9 |      21 |      42 |  66.7
     Lair:4 |    1798 |       0 |   0.0 |       9 |       0 |   0.0
     Lair:5 |    5007 |       0 |   0.0 |      15 |       0 |   0.0
     Lair:6 |    9723 |   17122 |  63.8 |      34 |      35 |  50.7
   Shoals:1 |   12370 |       0 |   0.0 |      27 |       0 |   0.0
   Shoals:2 |   18172 |    4393 |  19.5 |      39 |       8 |  17.0
   Shoals:3 |   25474 |    7590 |  23.0 |      45 |       7 |  13.5
   Shoals:4 |    7170 |   20369 |  74.0 |      17 |      31 |  64.6
   Spider:1 |    7515 |   15521 |  67.4 |      22 |      24 |  52.2
   Spider:2 |   11907 |       0 |   0.0 |      37 |       0 |   0.0
   Spider:3 |    9446 |    9290 |  49.6 |      25 |      13 |  34.2
   Spider:4 |   17325 |   20951 |  54.7 |      35 |      45 |  56.2
    Slime:1 |    7040 |       0 |   0.0 |      16 |       0 |   0.0
    Slime:2 |    2122 |       0 |   0.0 |       7 |       0 |   0.0
    Slime:3 |    8748 |       0 |   0.0 |      14 |       0 |   0.0
    Slime:4 |    8909 |       0 |   0.0 |      17 |       0 |   0.0
    Slime:5 |   31405 |   29539 |  48.5 |      55 |      10 |  15.4
      Orc:1 |    5956 |       6 |   0.1 |      33 |       4 |  10.8
      Orc:2 |    3158 |    4764 |  60.1 |      40 |      41 |  50.6
      Elf:1 |   19378 |   19024 |  49.5 |      29 |      37 |  56.1
      Elf:2 |   22097 |   24610 |  52.7 |      37 |      31 |  45.6
      Elf:3 |   30450 |   52048 |  63.1 |      47 |      42 |  47.2
   Vaults:1 |    8505 |    8714 |  50.6 |      11 |      16 |  59.3
   Vaults:2 |   27123 |    9017 |  25.0 |      57 |      18 |  24.0
   Vaults:3 |   32928 |   16197 |  33.0 |      47 |      19 |  28.8
   Vaults:4 |   28818 |   32436 |  53.0 |      39 |      42 |  51.9
   Vaults:5 |   33208 |  142059 |  81.1 |      48 |      89 |  65.0
   Depths:1 |   27692 |   42527 |  60.6 |      37 |      42 |  53.2
   Depths:2 |   26436 |   37873 |  58.9 |      34 |      60 |  63.8
   Depths:3 |   25399 |   16203 |  38.9 |      37 |      22 |  37.3
   Depths:4 |   35321 |   34325 |  49.3 |      47 |      31 |  39.7
   Depths:5 |    6167 |  131256 |  95.5 |      21 |     105 |  83.3
      Sewer |       0 |     353 | 100.0 |       0 |      53 | 100.0
     Bailey |       0 |    1823 | 100.0 |       0 |      25 | 100.0
      IceCv |       0 |    9540 | 100.0 |       0 |      36 | 100.0
 Desolation |       0 |   55914 | 100.0 |       0 |     102 | 100.0
   Gauntlet |       0 |    5337 | 100.0 |       0 |       8 | 100.0
            +---------+---------+-------+---------+---------+-------
